 Dungeon Crawl Stone Soup version 0.31-a0-1576-ga3383bade6 (webtiles) character file.

Game seed: 10555399409820100543

1561 Curundu the Trooper (level 8, -3/73 HPs)
             Began as a Minotaur Berserker on Jan 4, 2024.
             Was an Elder of Trog.
             Succumbed to a kobold brigand's curare-tipped dart
             ... on level 6 of the Dungeon.
             The game lasted 00:17:33 (6040 turns).

Curundu the Trooper (Minotaur Berserker)            Turns: 6040, Time: 00:17:34

Health: -3/73      AC: 14    Str: 24    XL:     8   Next: 58%
Magic:  7/7        EV:  8    Int:  4    God:    Trog [****..]
Gold:   274        SH:  0    Dex: 10    Spells: 7/7 levels left

rFire   . . .        a - +0 hand axe
rCold   . . .        (no shield)
rNeg    . . .        C - +0 plate armour
rPois   .            (helmet restricted)
rElec   .            j - +0 cloak
rCorr   .            (no gloves)
SInv    .            (no boots)
Will    +....        (no amulet) Stlth
                     q - ring of willpower
HPRegen 0.32/turn    (no ring)
MPRegen 0.10/turn

%: no passive effects
@: lethally poisoned (-3 -> -16), slowed, very slow
A: horns 2, retaliatory headbutt
a: Renounce Religion, Berserk, Trog's Hand, Brothers in Arms


You were on level 6 of the Dungeon.
You worshipped Trog.
Trog was greatly pleased with you.
You visited 1 branch of the dungeon, and saw 6 of its levels.
You also visited: Sewer.

You collected 274 gold pieces.

Inventory:

Hand Weapons
 a - a +0 hand axe (weapon)
Missiles
 l - 14 poisoned darts
 t - 3 datura-tipped darts
 v - 4 curare-tipped darts
Armour
 j - a +0 cloak (worn)
 C - a +0 plate armour (worn)
Jewellery
 q - a ring of willpower (left hand)
Wands
 y - a wand of charming (14)
Scrolls
 b - a scroll of fog {unknown}
 d - 2 scrolls of amnesia {unknown}
 e - a scroll of enchant armour {unknown}
 f - a scroll of butterflies {unknown}
 g - 3 scrolls of teleportation {unknown}
 k - 4 scrolls of identify {unknown}
 m - a scroll of revelation {unknown}
 o - 2 scrolls of immolation {unknown}
 r - 3 scrolls of fear {unknown}
 u - a scroll of vulnerability {unknown}
 x - a scroll of brand weapon {unknown}
 B - a scroll of enchant weapon {unknown}
Potions
 c - 2 potions of curing {unknown}
 h - a potion of degeneration {unknown}
 i - a potion of cancellation {unknown}
 n - 4 potions of attraction {unknown}
 p - 5 potions of heal wounds {unknown}
 s - 2 potions of mutation {unknown}
 w - a potion of brilliance {unknown}
 z - a potion of might {unknown}
 A - 3 potions of berserk rage {unknown}
 D - 2 potions of lignification {unknown}


   Skills:
 + Level 7.5 Fighting
 + Level 7.4 Axes
 + Level 6.9 Armour
 + Level 6.2 Dodging


You had 7 spell levels left.
You didn't know any spells.
Your spell library was empty.

Dungeon Overview and Level Annotations

Branches:
Dungeon (6/15)             Temple (0/1) D:6           Sewer (visited)

Altars:
Ashenzari
Cheibriados
Gozag
Uskayaw
Vehumet
Xom
Zin


Innate Abilities, Weirdness & Mutations

You have a pair of horns on your head.
You reflexively headbutt those who attack you in melee.


Message History

Something hits you. Something shocks you.
The kobold brigand hits you but does no damage.
You feel sick.
You are no longer poisoned.
Something hits you but does no damage.
A sky beast appears from thin air!
Reactivating autopickup.
The sky beast hits you but does no damage.
The sky beast flickers out of sight!
Deactivating autopickup; reactivate with Ctrl-A.
The iguana bites you but does no damage.
The iguana attacks as it pursues you!
The iguana bites you but does no damage.
The kobold brigand throws a curare-tipped dart.
The curare-tipped dart hits you.
You are poisoned.
You have difficulty breathing.
* * * LOW HITPOINT WARNING * * *
You feel as though you will be slow longer.
A sky beast appears from thin air!
Reactivating autopickup.
You feel very sick. The iguana completely misses you. You furiously retaliate!
You headbutt the iguana!
You feel sick. The iguana attacks as it pursues you!
The iguana bites you but does no damage.
You feel sick. The iguana closely misses you. You furiously retaliate!
You headbutt the iguana.
You feel sick.
The kobold brigand throws a curare-tipped dart.
The curare-tipped dart hits you.
You are lethally poisoned!
You have difficulty breathing.
* * * LOW HITPOINT WARNING * * *
You feel as though you will be slow longer.
The iguana attacks as it pursues you! The iguana closely misses you.
You furiously retaliate!
You headbutt the iguana!
You kill the iguana!
Trog accepts your kill.
You die...

###### ###....# #######
#....#.####### #......
######.≈≈P........###......
#......≈≈..................
#####....[...............<.....
#...#.......Y.@................
##..............................
#.........#.K...............#.#'
#............................#.#
#...............###...........#.
##.......#.....## #...........'#
#.............'..............#.
#####.........#......... +#+#.#
#...#'#.##............. #.#.#.


You could see a sky beast and a kobold brigand.

Vanquished Creatures
  An orc warrior (D:5)
  A black bear (D:5)
  An ogre (D:5)
  5 kobold brigands
  2 brain worms (Sewer)
  2 scorpions (D:5)
  A howler monkey (D:5)
  2 jellies
  Crazy Yiuf (D:3)
  2 hounds
  6 iguanas
  An orc wizard (D:5)
  2 sleepcaps
  4 river rats
  8 adders
  A shadow imp (D:6)
  3 white imps (D:6)
  6 ufetubi (D:6)
  A dart slug (D:1)
  2 ribbon worms (D:2)
  10 orcs
  4 bats
  6 endoplasms
  5 giant cockroaches
  10 goblins
  5 hobgoblins
  7 jackals
  14 kobolds
  4 quokkas
  15 ball pythons
  4 frilled lizards
  15 rats
151 creatures vanquished.

Notes
Turn   | Place    | Note
-------+----------+-------------------------------------------
     0 | D:1      | Curundu the Minotaur Berserker began the quest for the Orb.
     0 | D:1      | Reached XP level 1. HP: 19/19 MP: 0/0
   345 | D:1      | Reached XP level 2. HP: 22/27 MP: 1/1
   892 | D:2      | Found a faded altar of an unknown god.
   911 | D:2      | Reached XP level 3. HP: 17/33 MP: 2/2
  1063 | D:2      | Reached ** piety under Trog
  1698 | D:3      | Reached XP level 4. HP: 35/41 MP: 3/3
  1940 | D:3      | Found a runed translucent door.
  1941 | D:3      | Noticed Crazy Yiuf
  1948 | D:3      | Killed Crazy Yiuf
  1949 | D:3      | Reached XP level 5. HP: 47/47 MP: 4/4
  2040 | D:3      | Found a glowing drain.
  2050 | Sewer    | Entered a sewer
  2092 | Sewer    | Reached skill level 5 in Fighting
  2092 | Sewer    | Reached skill level 5 in Axes
  2097 | Sewer    | Reached XP level 6. HP: 15/56 MP: 5/5
  2346 | Sewer    | Reached *** piety under Trog
  2740 | Sewer    | Reached skill level 5 in Armour
  2740 | Sewer    | Reached XP level 7. HP: 29/62 MP: 6/6
  3213 | D:3      | Found a broken altar of Ashenzari.
  4451 | D:5      | Entered Level 5 of the Dungeon
  4473 | D:5      | Reached skill level 5 in Dodging
  4490 | D:5      | Found a radiant altar of Vehumet.
  4494 | D:5      | Found a snail-covered altar of Cheibriados.
  4495 | D:5      | Found a hide-covered altar of Uskayaw.
  4594 | D:5      | Found an opulent altar of Gozag.
  4596 | D:5      | Found a glowing silver altar of Zin.
  4906 | D:5      | Reached XP level 8. HP: 69/71 MP: 7/7
  5243 | D:5      | Found a shimmering altar of Xom.
  5729 | D:6      | Reached **** piety under Trog
  5902 | D:6      | Found a staircase to the Ecumenical Temple.
  6039 | D:6      | HP: 2/73 [asphyx]
  6040 | D:6      | Succumbed to a kobold brigand's curare-tipped dart

Illustrated notes

Levels and vault maps discovered:
D:1:      dpeg_arrival_stonehenge_8_columns, layout_basic,
          hangedman_abyss_or_decor_lesser_grid
D:2:      layout_loops_corners, hellmonk_ecumenical_altar_arch_garden
D:3:      layout_rooms, mainiacjoe_overflow_alcove_1, portal_sewer_entry_e,
          uniq_crazy_yiuf_cottage
D:4:      layout_basic
D:5:      layout_basic, xom_teletrap_fun, minmay_overflow_temple_star_hex,
          mainiacjoe_ossuary_entry_dusty_tomb
D:6:      layout_basic, nicolae_tso_carved_into_rock, minmay_temple_entry_hall,
          serial_demonic, serial_demonic_g, serial_demonic_b, serial_demonic_c,
          serial_demonic_a, nzn_random_ring

Skill      XL: |  1  2  3  4  5  6  7  8 |
---------------+-------------------------+-----
Axes           | 4 5 6 7 |  7.4
Fighting       | 4 5 6 7 |  7.5
Armour         | 3 4 5 6 |  6.9
Dodging        | 3 4 5 6 |  6.2

Action                     |  1- 3 |  4- 6 |  7- 9 || total
---------------------------+-------+-------+-------++-------
  Melee: Hand axe          |    70 |   140 |   247 ||   457
         Headbutt          |     5 |    24 |    41 ||    70
         Punch             |       |       |     2 ||     2
 Invoke: Berserk           |       |     2 |       ||     2
         Trog's Hand       |       |     1 |       ||     1
 Armour: Ring mail         |    44 |       |       ||    44
         Scale mail        |     8 |   100 |    12 ||   120
         Chain mail        |       |       |    64 ||    64
         Plate armour      |       |       |   185 ||   185
  Dodge: Dodged            |    53 |    74 |   124 ||   251

Table legend: (Time is in decaauts)
 A = Elapsed time spent in this place.
 B = Non-inter-level travel time spent in this place.
 C = Inter-level travel time spent in this place.
 D = Time resting spent in this place.
 E = Time spent auto-exploring this place.
 F = Levels seen in this place.
 G = Mean time per level.
                   A        B        C        D        E       F      G
               +--------+--------+--------+--------+--------+-----+--------+
         Total |   6218 |   6218 |      0 |    426 |   4317 |   7 |  888.3 |
       Dungeon |   5059 |   5059 |      0 |    290 |   3558 |   6 |  843.2 |
         Sewer |   1159 |   1159 |      0 |    136 |    759 |   1 | 1159.0 |
               +--------+--------+--------+--------+--------+-----+--------+

Top non-repeatable levels by time:
     D:5: 1240 daAuts
   Sewer: 1159 daAuts
     D:4: 1019 daAuts
     D:2: 987 daAuts
     D:3: 764 daAuts
     D:1: 697 daAuts
     D:6: 349 daAuts
